 Dungeon Crawl Stone Soup version 0.31-a0-1008-g5b978dac0e (webtiles) character file.

Game seed: 4887728327243408659

1087 ChronoRanger the Cudgeller (level 8, -4/70 HPs)
             Began as a Minotaur Fighter on Nov 13, 2023.
             Slain by an ice beast (13 damage)
             ... on level 7 of the Dungeon.
             The game lasted 00:10:31 (4478 turns).

ChronoRanger the Cudgeller (Minotaur Fighter)       Turns: 4478, Time: 00:10:32

Health: -4/70      AC: 12    Str: 23    XL:     8   Next: 9%
Magic:  7/7        EV:  8    Int:  5    God:
Gold:   250        SH:  5    Dex: 10    Spells: 7/7 levels left

rFire   . . .        a - +0 flail
rCold   . . .        c - +0 buckler
rNeg    . . .        s - +0 chain mail
rPois   .            (helmet restricted)
rElec   .            (no cloak)
rCorr   .            f - +0 pair of gloves
SInv    .            e - +0 pair of boots
Will    .....        (no amulet) Stlth
                     j - ring of flight
HPRegen 0.31/turn    (no ring)
MPRegen 0.10/turn

%: no passive effects
@: flying, hasted, very quick
A: horns 2, retaliatory headbutt
a: no special abilities


You were on level 7 of the Dungeon.
You visited 2 branches of the dungeon, and saw 8 of its levels.
You also visited: Sewer.

You collected 292 gold pieces.
You spent 42 gold pieces at shops.

Inventory:

Hand Weapons
 a - a +0 flail (weapon)
Armour
 c - a +0 buckler (worn)
 e - a +0 pair of boots (worn)
 f - a +0 pair of gloves (worn)
 s - a +0 chain mail (worn)
Jewellery
 j - a ring of flight (left hand)
Wands
 p - a wand of digging (6)
Scrolls
 i - 2 scrolls of revelation
 k - a scroll of blinking
 l - a scroll of vulnerability
 q - a scroll of teleportation {unknown}
 t - a scroll of enchant weapon {unknown}
 u - a scroll of fear {unknown}
Potions
 b - a potion of resistance {unknown}
 d - 3 potions of invisibility {unknown}
 g - 4 potions of magic
 h - 2 potions of lignification
 n - 3 potions of mutation {unknown}
 o - a potion of brilliance {unknown}
 r - 2 potions of haste


   Skills:
 + Level 6.2 Fighting
 * Level 7.5 Maces & Flails
 + Level 6.2 Armour
 + Level 6.2 Shields


You had 7 spell levels left.
You didn't know any spells.
Your spell library contained the following spells:

 Spells                   Type           Power      Damage    Failure   Level
 Blink                    Tloc           0%         N/A       99%         2
 Lesser Beckoning         Tloc           0%         N/A       99%         2
 Momentum Strike          Conj/Tloc      0%         3d8       99%         2
 Dazzling Flash           Conj/Hex       0%         N/A       100%        3
 Volatile Blastmotes      Fire/Tloc      0%         2d10      100%        3
 Starburst                Conj/Fire      0%         6d3       100%        6
 Maxwell's Capacitive Co  Air            0%         ∞         100%        8


Dungeon Overview and Level Annotations

Branches:
Dungeon (7/15)             Temple (1/1) D:4           Sewer (visited)

Altars:
Cheibriados
Dithmenos
Fedhas
Hepliaklqana
Okawaru
Qazlal
Ru
Sif Muna
Trog
Vehumet
Wu Jian
Xom
Yredelemnul
The Shining One

Shops:
D:2 !

Annotations:
D:3 1 runed translucent door, MainBain's ghost, amateur HuCj
D:5 1 runed translucent door, Jannitor's ghost, weakling DgDe


Innate Abilities, Weirdness & Mutations

You have a pair of horns on your head.
You reflexively headbutt those who attack you in melee.


Message History

* * * LOW HITPOINT WARNING * * *
You block the ufetubus's attack.
The ufetubus hits you but does no damage.
You are too injured to fight recklessly!
The ufetubus slips past you!
The ufetubus hits you but does no damage.
The ufetubus barely misses you.
The orc warrior hits you but does no damage.
You fly downwards.
There is a stone staircase leading up here.
You sock the orc warrior!
The orc warrior is almost dead.
The ufetubus hits you but does no damage.
The ufetubus barely misses you.
The orc warrior hits you but does no damage.
The ufetubus barely misses you. You furiously retaliate!
You headbutt the ufetubus!
You kill the ufetubus!
You barely miss the orc warrior.
The orc warrior is almost dead.
The orc warrior hits you with a +0 scimitar!
* * * LOW HITPOINT WARNING * * *
You barely miss the orc warrior. Your headbutt misses the orc warrior.
The orc warrior is almost dead.
The orc warrior hits you with a +0 scimitar!
* * * LOW HITPOINT WARNING * * *
The ice beast hits you but does no damage.
You feel yourself speed up. The orc warrior barely misses you.
The ice beast barely misses you. You furiously retaliate!
You headbutt the ice beast. You sock the orc warrior!
You kill the orc warrior!
You have reached level 8!
You feel stronger.
You hit the ice beast but do no damage. You headbutt the ice beast.
The ice beast is moderately wounded.
The ice beast hits you.
* * * LOW HITPOINT WARNING * * *
The ice beast freezes you!
You die...

+ .# .. ####
.#
#....###..####
#....Y@)......
#.............
#.............
#...###..#####
#### ..# ...
...# ...#


You could see an ice beast.

Vanquished Creatures
  Sigmund (D:2)
  Eustachio (D:4)
  A water moccasin (D:5)
  An orc warrior (D:7)
  Pargi (D:3)
  An ogre (D:5)
  2 jellies
  2 hounds (D:5)
  An orc wizard (D:3)
  An iguana (D:5)
  3 gnolls
  5 adders
  3 river rats (Sewer)
  A shadow imp (D:5)
  An ufetubus (D:7)
  4 worms
  4 dart slugs
  7 orcs
  7 ball pythons
  15 endoplasms
  5 giant cockroaches
  7 hobgoblins
  3 jackals (D:1)
  5 quokkas
  3 bats
  4 frilled lizards
  5 goblins
  8 kobolds
  6 rats
108 creatures vanquished.

Notes
Turn   | Place    | Note
-------+----------+-------------------------------------------
     0 | D:1      | ChronoRanger the Minotaur Fighter began the quest for the
                  | Orb.
     0 | D:1      | Reached XP level 1. HP: 19/19 MP: 0/0
    59 | D:1      | Reached XP level 2. HP: 27/27 MP: 1/1
   179 | D:1      | Reached skill level 3 in Maces & Flails
   268 | D:1      | Reached XP level 3. HP: 31/33 MP: 2/2
   816 | D:2      | Found Citimyaxu's Distillery.
   825 | D:2      | Bought a potion of curing for 42 gold pieces
   825 | D:2      | Noticed Sigmund
   831 | D:2      | Killed Sigmund
   832 | D:2      | Reached skill level 4 in Maces & Flails
   832 | D:2      | Reached XP level 4. HP: 39/41 MP: 3/3
   832 | D:2      | Reached XP level 5. HP: 44/47 MP: 4/4
  1487 | D:3      | Identified the +0 robe of the Wilderness {rElec rPois
                  | Stlth+}
  1555 | D:3      | Found a runed translucent door.
  1555 | D:3      | Noticed MainBain's ghost (amateur HuCj)
  1597 | D:3      | Reached skill level 5 in Maces & Flails
  1649 | D:3      | Reached XP level 6. HP: 52/55 MP: 5/5
  1748 | D:3      | Noticed Pargi
  1758 | D:3      | Killed Pargi
  1759 | D:3      | Reached skill level 5 in Fighting
  1759 | D:3      | Reached skill level 5 in Armour
  1759 | D:3      | Reached skill level 5 in Shields
  2259 | D:4      | Noticed Eustachio
  2271 | D:4      | Killed Eustachio
  2272 | D:4      | Reached skill level 6 in Maces & Flails
  2272 | D:4      | Reached XP level 7. HP: 61/61 MP: 6/6
  2280 | D:4      | Found a glowing drain.
  2292 | Sewer    | Entered a sewer
  2456 | Sewer    | Found a viscous altar of Jiyva.
  2660 | D:4      | Found a staircase to the Ecumenical Temple.
  2677 | Temple   | Entered the Ecumenical Temple
  3345 | D:5      | Entered Level 5 of the Dungeon
  3418 | D:5      | Found a runed translucent door.
  3422 | D:5      | Noticed Jannitor's ghost (weakling DgDe)
  3462 | D:5      | Reached skill level 7 in Maces & Flails
  3986 | D:5      | Found an ornate altar of the Wu Jian Council.
  4437 | D:6      | Found a basalt altar of Yredelemnul.
  4478 | D:7      | Reached XP level 8. HP: 11/70 MP: 7/7
  4478 | D:7      | Slain by an ice beast

Illustrated notes

Levels and vault maps discovered:
D:1:      reono_arrival_forest_river, layout_basic, minmay_domino_2
D:2:      layout_basic, serial_shops, nicolae_shop_trees, uniq_sigmund
D:3:      layout_loops_ring, gammafunk_ghost_grave, nrook_mini_vaults,
          uniq_pargi
D:4:      layout_loops_corners, minmay_temple_entry_gardened_gates,
          cheibrodos_sewer_entry_bend, uniq_eustachio
D:5:      layout_rooms, mainiacjoe_overflow_six_doors_small,
          ebering_ghost_reflecting_pool
D:6:      layout_rooms, yredelemnul_altar_generic, elyvilon_altar_4,
          mainiacjoe_overflow_cross_hatched, serial_aquarium,
          aquarium_bridge_long_separate [aquarium_subvault_wall,
          aquarium_subvault_wall, aquarium_subvault_bridge,
          aquarium_subvault_wall, aquarium_subvault_bridge,
          aquarium_subvault_bridge], aquarium_window_fake, aquarium_window_2,
          aquarium_window_3, aquarium_view_2b, aquarium_view_2e,
          aquarium_balcony_3b
D:7:      layout_gridville, mainiacjoe_overflow_alcove_1, gammafunk_ghost_grave,
          minmay_misc_feat_columns, grunt_ministairs_1
Temple:   nicolae_temple_no_exploring_needed

Skill      XL: |  1  2  3  4  5  6  7 |
---------------+----------------------+-----
Maces & Flails | 3 4 5 6 7 |  7.5
Armour         | 4 5 6 |  6.2
Fighting       | 4 5 6 |  6.2
Shields        | 4 5 6 |  6.2

Action                     |  1- 3 |  4- 6 |  7- 9 || total
---------------------------+-------+-------+-------++-------
  Melee: Flail             |    61 |    63 |   120 ||   244
         Headbutt          |     5 |    13 |    22 ||    40
    Use: Potion            |     1 |     2 |     2 ||     5
         Scroll            |       |     5 |     2 ||     7
 Armour: Scale mail        |    30 |    33 |       ||    63
         Chain mail        |       |     4 |   117 ||   121
  Dodge: Dodged            |    17 |    24 |    55 ||    96
  Block: Buckler           |    13 |     9 |    34 ||    56

Table legend: (Time is in decaauts)
 A = Elapsed time spent in this place.
 B = Non-inter-level travel time spent in this place.
 C = Inter-level travel time spent in this place.
 D = Time resting spent in this place.
 E = Time spent auto-exploring this place.
 F = Levels seen in this place.
 G = Mean time per level.
                   A        B        C        D        E       F      G
               +--------+--------+--------+--------+--------+-----+--------+
         Total |   4523 |   4220 |    303 |    270 |   2971 |   9 |  502.6 |
       Dungeon |   4199 |   3896 |    303 |    270 |   2780 |   7 |  599.9 |
        Temple |     17 |     17 |      0 |      0 |      0 |   1 |   17.0 |
         Sewer |    306 |    306 |      0 |      0 |    191 |   1 |  306.0 |
               +--------+--------+--------+--------+--------+-----+--------+

Top non-repeatable levels by time:
     D:4: 1208 daAuts
     D:2: 960 daAuts
     D:5: 755 daAuts
     D:3: 693 daAuts
     D:1: 540 daAuts
   Sewer: 306 daAuts
     D:6: 35 daAuts
  Temple: 17 daAuts
     D:7: 5 daAuts
